 Dungeon Crawl Stone Soup version 0.28.0-53-g5a82cb258f (webtiles) character file.

Game seed: 4091078883660199524

112 melkoren the Chopper (level 4, -3/41 HPs)
             Began as a Minotaur Berserker on Aug 4, 2022.
             Was a Believer of Trog.
             Killed from afar by Sigmund (14 damage)
             ... with a puff of flame
             ... on level 3 of the Dungeon.
             The game lasted 00:15:27 (3074 turns).

melkoren the Chopper (Minotaur Berserker)           Turns: 3074, Time: 00:15:28

Health: -3/41      AC: 11    Str: 24    XL:     4   Next: 63%
Magic:  3/3        EV:  7    Int:  4    God:    Trog [**....]
Gold:   135        SH:  0    Dex:  9    Spells: 3/3 levels left

rFire   . . .      SeeInvis .   a - +0 hand axe
rCold   . . .      Faith    .   (no shield)
rNeg    . . .      Spirit   .   s - +0 plate armour
rPois   .          Reflect  .   (helmet restricted)
rElec   .          Harm     .   (no cloak)
rCorr   .          Rampage  .   (no gloves)
Will    .....                   (no boots)
Stlth   ..........              (no amulet)
HPRegen 0.13/turn               (no ring)
MPRegen 0.08/turn               (no ring)

@: no status effects
A: horns 2, retaliatory headbutt
a: Renounce Religion, Berserk, Trog's Hand


You were on level 3 of the Dungeon.
You worshipped Trog.
Trog was pleased with you.
You visited 1 branch of the dungeon, and saw 3 of its levels.

You collected 135 gold pieces.

Inventory:

Hand Weapons
 a - a +0 hand axe (weapon)
 g - a +0 dagger
 h - a +1 dagger of draining
 i - a +0 short sword
 l - a +0 mace
 r - a +0 short sword
Armour
 b - a +0 animal skin
 n - a +0 scale mail
 s - a +0 plate armour (worn)
Jewellery
 q - a ring of ice
 w - an amulet of faith
 x - a ring of ice
Scrolls
 c - a scroll of holy word {unknown}
 f - 3 scrolls of identify {unknown}
 j - a scroll of immolation {unknown}
 k - 2 scrolls of teleportation {unknown}
 o - a scroll of magic mapping {unknown}
 t - a scroll of summoning {unknown}
 u - a scroll of vulnerability {unknown}
 v - a scroll of blinking {unknown}
Potions
 d - 2 potions of curing {unknown}
 e - a potion of flight {unknown}
 m - 3 potions of resistance {unknown}
 p - 2 potions of heal wounds {unknown}


   Skills:
 + Level 4.4 Fighting
 + Level 5.6 Axes
 + Level 3.0 Armour
 + Level 2.3 Dodging
 + Level 0.2 Stealth


You had 3 spell levels left.
You didn't know any spells.
Your spell library was empty.

Dungeon Overview and Level Annotations

Branches:
Dungeon (3/15)

Altars:

Shops:
D:2 !

Annotations:
D:3 Sigmund


Innate Abilities, Weirdness & Mutations

You have a pair of horns on your head.
You reflexively headbutt those who attack you in melee.


Message History

There is an open door here.
x - a ring of ice A quokka comes into view.
A quokka is nearby!
Sigmund the Dreaded comes into view.
He is wielding a +0 scythe.
The quokka barely misses you.
The quokka bites you but does no damage.
You hit the quokka.
You kill the quokka!
Trog accepts your kill.
Sigmund points at you and mumbles some strange words.
The puff of flame misses you.
Found 11 gold pieces.
Sigmund gestures wildly while chanting.
Sigmund flickers and vanishes!
Deactivating autopickup; reactivate with Ctrl-A.
You see here a quokka corpse.
Something hits you! Something hits you but does no damage.
Something hits you but does no damage.
You hear some strange, mumbled words.
A puff of flame appears from out of thin air!
The puff of flame hits you! Something hits you but does no damage.
A puff of flame appears from out of thin air!
The puff of flame hits you.
Something tries to affect you, but you resist.
You see here 11 gold pieces.
Something hits you. Something hits you but does no damage.
You see here 11 gold pieces.
You barely miss something. Your headbutt misses something.
You barely miss something. Something hits you.
You barely miss something. Something hits you!
* * * LOW HITPOINT WARNING * * *
A giant cockroach comes into view.
You hear some strange, mumbled words.
A puff of flame appears from out of thin air!
The puff of flame hits you!
You die...

##### ######
#...####.^..##
#######..{..$......#####
#..B...@..####..........
#.#####..## ##.....###.
#..# ##..#..... #..#
#.†#####. ...# #..#
...## #..#####. #.###
##........ ##.....####
##.......##


You could see a giant cockroach.

Vanquished Creatures
  Robin (D:3)
  3 adders
  2 worms
  A dart slug (D:1)
  An orc (D:3)
  7 ball pythons
  A bat (D:1)
  5 giant cockroaches
  13 goblins
  8 hobgoblins
  3 jackals (D:2)
  5 kobolds
  3 quokkas
  2 frilled lizards
  6 rats
61 creatures vanquished.

Vanquished Creatures (others)
  2 plants (D:1)
2 creatures vanquished.

Grand Total: 63 creatures vanquished

Notes
Turn   | Place    | Note
-------+----------+-------------------------------------------
     0 | D:1      | melkoren the Minotaur Berserker began the quest for the
                  | Orb.
     0 | D:1      | Reached XP level 1. HP: 19/19 MP: 0/0
   470 | D:1      | Reached skill level 4 in Axes
   478 | D:1      | Reached XP level 2. HP: 27/27 MP: 1/1
  1568 | D:2      | Reached XP level 3. HP: 12/33 MP: 2/2
  1576 | D:2      | Found Zenuah Hama's Distillery.
  1598 | D:2      | Reached ** piety under Trog
  1659 | D:2      | Reached skill level 5 in Axes
  2587 | D:3      | Noticed Robin
  2593 | D:3      | Reached XP level 4. HP: 38/41 MP: 3/3
  2609 | D:3      | Killed Robin
  3045 | D:3      | Noticed Sigmund
  3074 | D:3      | Killed from afar by Sigmund

Illustrated notes

Levels and vault maps discovered:
D:1:      dpeg_arrival_circle_labyrinth_b, layout_basic, serial_bayou_lagoon_a,
          minmay_tetromino_t4
D:2:      layout_basic, serial_shops, nicolae_shop_hallway_plus
D:3:      layout_loops_corners, hangedman_decor_points, st_stairs_8,
          uniq_sigmund, uniq_robin

Skill      XL: |  1  2  3  4 |
---------------+-------------+-----
Axes           | 4 5 |  5.6
Fighting       | 4 |  4.4
Armour         | 3 |  3.0
Dodging        | |  2.3
Stealth        | |  0.2

Action                   |  1- 3 |  4- 6 || total
-------------------------+-------+-------++-------
Melee: Hand axe          |    73 |    31 ||   104
       Headbutt          |     8 |     6 ||    14
       Punch             |     1 |     1 ||     2
 Stab: Sleeping          |     1 |       ||     1
Armor: Animal skin       |     5 |       ||     5
       Plate armour      |    42 |    26 ||    68
Dodge: Dodged            |    40 |     8 ||    48
